 Dungeon Crawl Stone Soup version 0.32-a0-12-g7fc57aa741 (webtiles) character file.

Game seed: 4294798193119513706

8246 solopath the Grappler (level 11, -7/107 HPs)
             Began as a Troll Earth Elementalist on Jan 14, 2024.
             Was a Priest of Wu Jian.
             Mangled by a komodo dragon (14 damage)
             ... on level 10 of the Dungeon.
             The game lasted 00:19:43 (7612 turns).

solopath the Grappler (Troll Earth Elementalist)    Turns: 7612, Time: 00:19:44

Health: -7/107     AC:  8    Str: 18    XL:     11   Next: 7%
Magic:  11/11      EV: 11    Int: 15    God:    Wu Jian [***...]
Gold:   638        SH:  0    Dex: 16    Spells: 8/12 levels left

rFire   . .          .
                       - Unarmed
rCold   . . .        (no shield)
rNeg    . . .        a - +0 robe
rPois   .            t - +2 hat
rElec   .            C - +1 cloak
rCorr   .            (gloves unavailable)
SInv    .            (boots unavailable)
Will    .....        d - amulet of regeneration
Stlth   ++           s - +6 ring of dexterity
HPRegen 1.97/turn    (no ring)
MPRegen 0.12/turn

%: no passive effects
@: no status effects
A: large, unfitting armour, claws 3, regeneration 1, shaggy fur 1, tough skin 1
a: Renounce Religion, Wall Jump, Serpent's Lash


You were on level 10 of the Dungeon.
You worshipped Wu Jian.
Wu Jian was most pleased with you.
You visited 2 branches of the dungeon, and saw 11 of its levels.

You collected 788 gold pieces.
You spent 150 gold pieces at shops.

Inventory:

Missiles
 f - 15 poisoned darts
 l - 2 throwing nets
Armour
 a - a +0 robe (worn)
 t - a +2 hat (worn)
 x - a +0 tower shield
 C - a +1 cloak (worn)
Jewellery
 d - an amulet of regeneration (around neck)
 o - a ring of fire
 s - a +6 ring of dexterity (left claw)
Talismans
 B - a maw talisman
Wands
 i - a wand of iceblast (2)
 p - a wand of digging (4)
 q - a wand of light (8)
 r - a wand of paralysis (12)
 z - a wand of flame (27)
Scrolls
 g - 4 scrolls of identify
 h - 2 scrolls of poison
 j - a scroll of amnesia
 m - a scroll of enchant armour
 n - a scroll of revelation
 w - 2 scrolls of teleportation
 y - a scroll of blinking
Potions
 b - a potion of magic
 c - 2 potions of attraction
 u - 2 potions of might
 v - a potion of curing
 A - a potion of invisibility


   Skills:
 - Level 6.9 Fighting
 + Level 4.0 Dodging
 - Level 1.0 Stealth
 - Level 11.8 Unarmed Combat
 - Level 1.2 Spellcasting
 - Level 0.6 Conjurations
 - Level 6.9 Earth Magic
 + Level 3.5 Shapeshifting


You had 8 spell levels left.
You knew the following spells:

 Your Spells              Type           Power      Damage    Failure   Level
a - Sandblast             Erth           42%        2d11      1%          1
b - Passwall              Erth           21%        N/A       4%          3

Your spell library contained the following spells:

 Spells                   Type           Power      Damage    Failure   Level
 Stone Arrow              Conj/Erth      24%        3d8       16%         3
 Magic Dart               Conj           8%         1d3       19%         1
 Kiss of Death            Conj/Necr      4%         2d5       22%         1
 Shock                    Conj/Air       4%         1d3       22%         1
 Apportation              Tloc           0%         N/A       24%         1
 Blink                    Tloc           0%         N/A       36%         2
 Call Imp                 Summ           0%         N/A       36%         2
 Jinxbite                 Hex            0%         N/A       36%         2
 Brom's Barrelling Bould  Conj/Erth      12%        2d4       45%         4
 Petrify                  Alch/Erth      11%        N/A       50%         4
 Dazzling Flash           Conj/Hex       2%         N/A       54%         3
 Confusing Touch          Hex            0%         N/A       58%         3
 Inner Flame              Hex/Fire       0%         N/A       58%         3
 Swiftness                Air            0%         N/A       58%         3
 Tukima's Dance           Hex            0%         N/A       58%         3
 Volatile Blastmotes      Fire/Tloc      0%         2d10      58%         3
 Fulminant Prism          Conj/Alch      0%         3d5       91%         4
 Iskenderun's Mystic Bla  Conj/Tloc      1%         2d3       91%         4
 Airstrike                Air            0%         2d(0-16)  94%         4
 Dispel Undead            Necr           0%         3d6       94%         4
 Passage of Golubria      Tloc           0%         N/A       94%         4
 Irradiate                Conj/Alch      0%         3d11      99%         5
 Alistair's Intoxication  Alch           0%         N/A       100%        5
 Yara's Violent Unravell  Hex/Alch       0%         3d3       100%        5
 Starburst                Conj/Fire      0%         6d3       100%        6
 Ignition                 Fire           0%         3d3       100%        8
 Maxwell's Capacitive Co  Air            0%         ∞         100%        8


Dungeon Overview and Level Annotations

Branches:
Dungeon (10/15)            Temple (1/1) D:4            Lair (0/5) D:8
    Orc: D:9-12

Altars:
Ashenzari
Cheibriados
Dithmenos
Elyvilon
Fedhas
Gozag
Hepliaklqana
Kikubaaqudgha
Makhleb
Nemelex Xobeh
Okawaru
Qazlal
Ru
Sif Muna
Trog
Uskayaw
Vehumet
Wu Jian
Xom
Yredelemnul
Zin
The Shining One

Shops:
D:10 [

Annotations:
D:6 3 runed translucent doors, indigowater's ghost, novice DjFE


Innate Abilities, Weirdness & Mutations

You are too large for most types of armour.
You have claws for hands.
Your natural rate of healing is unusually fast.
You are covered in fur. (AC +1)
You have tough skin. (AC +1)


Message History

The acid dragon bites you.
The acid dragon claws you but does no damage.
The kobold brigand hits you with a +0 dagger!
The orc warrior hits you with a +0 battleaxe!
You scratch the acid dragon.
You kill the acid dragon!
The Council accepts your kill.
The kobold brigand hits you with a +0 dagger.
The orc warrior closely misses you.
Unknown command.
You spin and attack the orc warrior.
You claw the orc warrior!
The orc warrior is moderately wounded.
You spin and attack the kobold brigand.
You claw the kobold brigand! Your claw misses the kobold brigand.
The kobold brigand is moderately wounded.
The orc warrior hits you with a +0 battleaxe!
The kobold brigand barely misses you. The komodo dragon bites you!
Aiming: Wall Jump
Press: ? - help, Dir - move target You repeatedly attack the orc warrior from above.
You claw the orc warrior!
The orc warrior is almost dead.
You closely miss the orc warrior.
The orc warrior is almost dead.
You repeatedly attack the kobold brigand from above.
You scratch the kobold brigand but do no damage.
The kobold brigand is moderately wounded.
You barely miss the kobold brigand.
The kobold brigand is moderately wounded.
You repeatedly attack the komodo dragon from above.
You scratch the komodo dragon but do no damage.
You barely miss the komodo dragon. The kobold brigand closely misses you.
The komodo dragon bites you!!
* * * LOW HITPOINT WARNING * * *
The orc warrior hits you with a +0 battleaxe!
* * * LOW HITPOINT WARNING * * *
The orc warrior hits you with a +0 battleaxe!
* * * LOW HITPOINT WARNING * * *
The komodo dragon bites you!
You die...

.#..#.....#..##.....#............
.####.....#..##.....#..##........
## #.....#..##.....#............
#.....#####.....######..###..
######....########...#..# #..
..............#...#..###..
###.....####.....#.......
##...##○$#.#...#....†..
##.##@○.#.#...#.......
#.#oKl##.#...#######.
+#.#'.##..#...##∩.♣##.
#...###...###...#...##......
........8...........##♣.....
....###...###...#####.......
######..# +#.#'†##..# #.......
.......# #.#...##.# #.......
.......# ##.##)).#.# #.......


You could see a komodo dragon, an orc warrior and a kobold brigand.

Vanquished Creatures
  Harold (D:9)
  Pikel (D:8)
  Maurice (D:8)
  A gargoyle (D:10)
  The ghost of arthad the Magician, an amateur OnFE (D:5)
  A troll (D:9)
  A hornet (D:8)
  3 shadows
  A wyvern (D:8)
  2 wraiths
  5 yaks (D:10)
  3 vampire mosquitoes (D:10)
  Menkaure (D:7)
  An acid dragon (D:10)
  A water moccasin (D:6)
  3 black bears
  2 ice beasts
  2 orc warriors
  3 ogres
  2 centaurs
  2 phantoms
  2 kobold brigands
  A bullfrog (D:8)
  2 scorpions
  5 wights (D:7)
  2 water moccasin skeletons (D:5)
  11 killer bees
  An electric eel (D:10)
  3 howler monkeys
  4 jellies
  A bullfrog zombie (D:5)
  A bombardier beetle (D:5)
  4 orc priests
  Crazy Yiuf (D:6)
  2 hounds (D:6)
  4 iguanas
  Ijyb (D:5)
  13 orc wizards
  7 gnolls
  2 howler monkey zombies (D:6)
  8 adders
  A shadow imp (D:5)
  2 ufetubi (D:5)
  4 dart slugs
  2 ribbon worms (D:2)
  27 orcs
  6 endoplasms
  2 giant cockroaches
  5 goblins
  4 hobgoblins
  9 jackals
  4 quokkas
  8 ball pythons
  7 bats
  7 frilled lizards
  9 kobolds
  4 rats
214 creatures vanquished.

Vanquished Creatures (others)
  2 orcs
2 creatures vanquished.

Grand Total: 216 creatures vanquished

Notes
Turn   | Place    | Note
-------+----------+-------------------------------------------
     0 | D:1      | solopath the Troll Earth Elementalist began the quest for
                  | the Orb.
     0 | D:1      | Reached XP level 1. HP: 16/16 MP: 1/1
    60 | D:1      | Reached skill level 1 in Unarmed Combat
    63 | D:1      | Reached XP level 2. HP: 26/26 MP: 2/2
    83 | D:1      | Found a faded altar of an unknown god.
   252 | D:1      | Reached skill level 1 in Fighting
   253 | D:1      | Reached skill level 2 in Unarmed Combat
   397 | D:2      | Reached XP level 3. HP: 29/33 MP: 3/3
   617 | D:2      | Reached skill level 3 in Unarmed Combat
   617 | D:2      | Reached XP level 4. HP: 13/41 MP: 4/4
  1378 | D:3      | Reached XP level 5. HP: 46/49 MP: 5/5
  1590 | D:4      | Noticed a phantom
  1602 | D:4      | Killed a phantom
  1603 | D:4      | Reached skill level 4 in Unarmed Combat
  1639 | D:4      | Noticed a black bear
  1669 | D:4      | Reached XP level 6. HP: 43/59 MP: 6/6
  1672 | D:4      | Reached skill level 5 in Unarmed Combat
  1751 | D:3      | Learned a level 3 spell: Passwall
  1788 | D:4      | Found a stormy altar of Qazlal.
  1805 | D:4      | Found a staircase to the Ecumenical Temple.
  2015 | Temple   | Entered the Ecumenical Temple
  2126 | Temple   | Became a worshipper of the Wu Jian Council
  2237 | D:4      | Found a sacrificial altar of Ru.
  2342 | D:4      | Reached XP level 7. HP: 60/67 MP: 7/7
  2389 | D:4      | Reached skill level 6 in Unarmed Combat
  2727 | D:5      | Entered Level 5 of the Dungeon
  2902 | D:5      | Found a transporter.
  2904 | D:5      | Noticed arthad's ghost (amateur OnFE)
  2905 | D:5      | Found a transporter.
  3000 | D:5      | Reached skill level 7 in Unarmed Combat
  3000 | D:5      | Reached XP level 8. HP: 61/78 MP: 8/8
  3105 | D:5      | Reached * piety under Wu Jian
  3209 | D:5      | Noticed Ijyb
  3216 | D:5      | Killed Ijyb
  3491 | D:5      | Killed arthad's ghost
  3492 | D:5      | Reached skill level 8 in Unarmed Combat
  3650 | D:6      | Identified a scroll of acquirement
  3650 | D:6      | Acquired an amulet of regeneration
  3785 | D:6      | Reached skill level 5 in Fighting
  3881 | D:6      | Reached XP level 9. HP: 85/88 MP: 9/9
  3888 | D:6      | Found a runed translucent gate.
  3942 | D:6      | Found a runed translucent door.
  3943 | D:6      | Noticed Crazy Yiuf
  4109 | D:6      | Found a runed translucent gate.
  4109 | D:6      | Found a runed translucent gate.
  4109 | D:6      | Noticed indigowater's ghost (novice DjFE)
  4112 | D:6      | Found a basalt altar of Yredelemnul.
  4123 | D:6      | Reached skill level 5 in Earth Magic
  4377 | D:6      | Killed Crazy Yiuf
  4569 | D:6      | Reached ** piety under Wu Jian
  4570 | D:6      | Reached skill level 9 in Unarmed Combat
  4702 | D:7      | Noticed Menkaure
  4708 | D:7      | Killed Menkaure
  5214 | D:7      | Reached skill level 10 in Unarmed Combat
  5549 | D:8      | Noticed Pikel
  5550 | D:8      | Noticed Maurice
  5570 | D:8      | Killed Pikel
  5581 | D:8      | Maurice stole a ring of fire
  5586 | D:8      | Paralysed by a hornet for 3 turns
  5594 | D:8      | Paralysed by a hornet for 3 turns
  5598 | D:8      | Reached XP level 10. HP: 17/98 MP: 2/10
  5625 | D:8      | Killed Maurice
  6002 | D:8      | Found a staircase to the Lair.
  6230 | D:8      | Found a shimmering blue altar of Sif Muna.
  6412 | D:9      | Found a sparkling altar of Nemelex Xobeh.
  6421 | D:9      | Noticed Harold
  6432 | D:9      | Reached skill level 11 in Unarmed Combat
  6462 | D:9      | Killed Harold
  6584 | D:9      | Found a broken altar of Ashenzari.
  6587 | D:9      | Found a glowing golden altar of the Shining One.
  6587 | D:9      | Found a burning altar of Makhleb.
  6590 | D:9      | Found an iron altar of Okawaru.
  6781 | D:9      | Reached *** piety under Wu Jian
  7042 | D:10     | Entered Level 10 of the Dungeon
  7076 | D:10     | Noticed a gargoyle
  7085 | D:10     | Killed a gargoyle
  7288 | D:10     | Reached skill level 1 in Shapeshifting
  7398 | D:10     | Found a glowing silver altar of Zin.
  7473 | D:10     | Found Qouramy's Antique Armour Emporium.
  7479 | D:10     | Bought an embroidered cloak for 150 gold pieces
  7522 | D:10     | Reached XP level 11. HP: 107/107 MP: 11/11
  7612 | D:10     | Mangled by a komodo dragon

Illustrated notes

Levels and vault maps discovered:
D:1:      sevenhm_arrival_forest_fort_small_3, layout_basic,
          shapermc_ecumenical_altar_notcrosses
D:2:      layout_loops_ring
D:3:      layout_rooms, chequers_decorated_corner,
          chequers_serial_rivers_micro_a
D:4:      layout_basic, nicolae_qazlal_scattered_showers,
          nicolae_ru_the_path_less_chosen, temple_doors_cd
D:5:      layout_loops_ring, gammafunk_ghost_mausoleum, uniq_ijyb
D:6:      layout_gridville, nicolae_yredelemnul_ghost_church, minmay_holes,
          uniq_crazy_yiuf_cottage
D:7:      layout_basic, nicolae_underground_beach, uniq_menkaure
D:8:      layout_basic, kennysheep_orc_sif_temple, lair_entry_dummy,
          minmay_misc_feat_roman, uniq_pikel, uniq_maurice
D:9:      layout_roguey, grunt_temple_overflow_open,
          nemelex_diamond_rough_becter, uniq_harold
D:10:     cheibrodos_barr_body, layout_stronghold,
          mainiacjoe_overflow_tiny_flanked, serial_shops,
          nicolae_shop_pleasant_corner_grove, nicolae_fort_ynox
Temple:   minmay_temple_forest_path

Skill      XL: |  1  2  3  4  5  6  7  8  9 10 11 |
---------------+----------------------------------+-----
Unarmed Combat | 1 2 3 4 5 7 8 10 11 | 11.8
Fighting       | 1 2 3 4 5 6 |  6.9
Earth Magic    | 3 4 6 |  6.9
Dodging        | 3 4 |  4.0
Shapeshifting  | 3 |  3.5
Stealth        | |  1.0
Spellcasting   | |  1.2
Conjurations   | |  0.6

Action                     |  1- 3 |  4- 6 |  7- 9 | 10-12 || total
---------------------------+-------+-------+-------+-------++-------
  Melee: Unarmed           |   119 |   140 |   300 |   186 ||   745
         Punch             |     2 |     5 |    21 |     7 ||    35
   Cast: Sandblast         |       |       |       |     4 ||     4
         Passwall          |       |       |       |     2 ||     2
 Invoke: Serpent's Lash    |       |       |       |     2 ||     2
Ability: Lunge             |       |       |    28 |     8 ||    36
         Whirlwind         |       |       |       |    42 ||    42
         Wall Jump         |       |       |       |     4 ||     4
    Use: Scroll            |       |     1 |     7 |     3 ||    11
         Potion            |       |     3 |     7 |     4 ||    14
   Stab: Sleeping          |       |     3 |     3 |     1 ||     7
         Invisible         |       |       |     2 |       ||     2
 Armour: Robe              |    81 |    83 |   198 |   131 ||   493
         Skin              |       |     4 |    13 |     3 ||    20
  Dodge: Dodged            |    57 |    50 |   117 |    86 ||   310

Table legend: (Time is in decaauts)
 A = Elapsed time spent in this place.
 B = Non-inter-level travel time spent in this place.
 C = Inter-level travel time spent in this place.
 D = Time resting spent in this place.
 E = Time spent auto-exploring this place.
 F = Levels seen in this place.
 G = Mean time per level.
                   A        B        C        D        E       F      G
               +--------+--------+--------+--------+--------+-----+--------+
         Total |   7535 |   7291 |    244 |    130 |   5072 |  11 |  685.0 |
       Dungeon |   7365 |   7180 |    185 |    130 |   5072 |  10 |  736.5 |
        Temple |    169 |    111 |     58 |      0 |      0 |   1 |  169.0 |
               +--------+--------+--------+--------+--------+-----+--------+

Top non-repeatable levels by time:
     D:4: 1022 daAuts
     D:6: 914 daAuts
     D:8: 908 daAuts
     D:7: 898 daAuts
     D:5: 815 daAuts
     D:2: 714 daAuts
     D:9: 664 daAuts
    D:10: 564 daAuts
     D:3: 516 daAuts
     D:1: 345 daAuts
  Temple: 169 daAuts
